 Dungeon Crawl Stone Soup version 0.23.2-33-g5129a83184 (webtiles) character file.

Game seed: 1363928624793981445

2028 psyvane the Tainter (level 9, -12/54 HPs)
             Began as an Octopode Venom Mage on July 19, 2019.
             Was a Believer of Sif Muna.
             Shot with a sling bullet by Joseph (25 damage)
             ... on level 7 of the Dungeon.
             The game lasted 00:27:48 (8249 turns).

psyvane the Tainter (Octopode Venom Mage)           Turns: 8249, Time: 00:27:49

Health: -12/54     AC:  1    Str:  7    XL:     9   Next: 23%
Magic:  1/16       EV: 16    Int: 19    God:    Sif Muna [**....]
Gold:   413        SH:  0    Dex: 14    Spells: 3/18 levels left

rFire    . . .     SeeInvis .   u - +2 spear (venom)
rCold    . . .     Gourm    .   (no shield)
rNeg     . . .     Faith    .   (helmet restricted)
rPois    .         Spirit   .   b - amulet of magic regeneration
rElec    .         Reflect  .   e - +3 ring of evasion
rCorr    .         Harm     .   (no ring)
MR       .....                  (no ring)
Stlth    ++++......             (no ring)
HPRegen  0.18/turn              (no ring)
MPRegen  0.40/turn              (no ring)
                                (no ring)
                                (no ring)

@: no status effects
A: almost no armour, stealthy swim, amphibious, 8 rings, constrict 8, camouflage
1, gelatinous body 1
a: Divine Energy, Renounce Religion


You were on level 7 of the Dungeon.
You worshipped Sif Muna.
Sif Muna was pleased with you.
You were hungry.

You visited 1 branch of the dungeon, and saw 7 of its levels.

You collected 413 gold pieces.

Inventory:

Hand Weapons
 c - a -3 whip
 h - a +0 dagger
 j - a +2 vampiric dagger
 u - a +2 spear of venom (weapon)
Missiles
 f - 61 poisoned needles
Jewellery
 b - an amulet of magic regeneration (around mantle)
 e - a +3 ring of evasion (left tentacle)
Wands
 t - a wand of acid (1)
 w - a wand of disintegration (23)
 C - a wand of iceblast (14)
 E - a wand of enslavement (7)
Scrolls
 k - 3 scrolls of amnesia
 l - 4 scrolls of identify {unknown}
 m - 7 scrolls of remove curse
 o - 4 scrolls of teleportation
 q - a scroll of immolation {unknown}
 r - 2 scrolls of enchant weapon {unknown}
 y - 2 scrolls of fear
 z - 2 scrolls of blinking {unknown}
Potions
 a - 2 potions of heal wounds
 d - 3 potions of lignification {unknown}
 g - 3 potions of curing {unknown}
 i - a potion of resistance {unknown}
 p - a potion of haste {unknown}
 s - a potion of brilliance {unknown}
 v - 3 potions of flight {unknown}
 x - a potion of magic {unknown}
 A - 2 potions of agility {unknown}
 B - a potion of cancellation {unknown}
 D - a potion of ambrosia {unknown}
Comestibles
 n - 5 rations
 F - 3 chunks of flesh


   Skills:
 - Level 2.0 Fighting
 - Level 2.1 Dodging
 - Level 5.3 Stealth
 * Level 5.0 Spellcasting
 - Level 5.4 Conjurations
 - Level 2.1 Air Magic
 - Level 10.0 Poison Magic


You had 3 spell levels left.
You knew the following spells:

 Your Spells              Type           Power        Failure   Level  Hunger
a - Sting                 Conj/Pois      ####         1%          1    None
b - Poisonous Vapours     Pois/Air       ####..       1%          2    #......
c - Mephitic Cloud        Conj/Pois/Air  ####....     3%          3    ##.....
d - Olgreb's Toxic Radia  Pois           #####...     1%          4    ####...
e - Venom Bolt            Conj/Pois      ####......   14%         5    ######.

Your spell library contained the following spells:

 Spells                   Type           Power        Failure   Level  Hunger
 Animate Skeleton         Necr           N/A          12%         1    None
 Apportation              Tloc           #.....       12%         1    None
 Confusing Touch          Hex            #.....       12%         1    None
 Summon Small Mammal      Summ           #...         12%         1    None
 Call Imp                 Summ           #.......     19%         2    #......
 Call Canine Familiar     Summ           #.......     36%         3    ##.....
 Confuse                  Hex            #.......     36%         3    ##.....
 Gell's Gravitas          Tloc           #.........   36%         3    ##.....
 Summon Guardian Golem    Hex/Summ       #.......     36%         3    ##.....
 Summon Lightning Spire   Summ/Air       #.......     63%         4    ####...
 Petrify                  Tmut/Erth      #.......     77%         4    ####...
 Summon Ice Beast         Ice/Summ       #.......     77%         4    ####...
 Metabolic Englaciation   Hex/Ice        #.........   98%         5    ######.
 Yara's Violent Unravell  Hex/Tmut       #.........   98%         5    ######.


Dungeon Overview and Level Annotations

Branches:
Dungeon (7/15)             Temple (0/1) D:6

Altars:
Okawaru
Sif Muna
Trog

Shops:
D:5 (

Annotations:
D:7 Joseph


Innate Abilities, Weirdness & Mutations

You cannot wear most types of armour.
You are very stealthy in the water. (Stealth+)
You are amphibious.
You can wear up to eight rings at the same time.
You can use your tentacles to constrict eight enemies at once.
Your skin changes colour to match your surroundings (Stealth+).
Your rubbery body absorbs attacks. (AC +1, EV +1)


Message History

You kill the bullfrog!
Sif Muna accepts your kill.
Your Spellcasting skill increases to level 5!
Your toxic aura wanes.
Joseph shoots a sling bullet.
The sling bullet closely misses you.
Okay, then.
Casting: Sting (safe; 1% risk of failure)
Confirm with . or Enter, or press ? or * to list all spells.
Aiming: Sting (safe; 1% risk of failure)
Press: ? - help, Shift-Dir - straight line, f/p - Joseph
Aim: Joseph, wielding a +0 hunting sling, wearing a +0 ring mail and carrying a wand of random effects (13) (severely wounded, poisoned)
The sting hits Joseph but does no damage.
Joseph looks as sick as possible!
Joseph is severely wounded.
Joseph shoots a sling bullet.
The sling bullet completely misses you.
Joseph shoots a sling bullet.
The sling bullet hits you!
* * * LOW HITPOINT WARNING * * *
You see here a sling bullet.
Joseph shoots a sling bullet.
The sling bullet hits you!!
You die...

.......)......##.......
......#.......#.......
......##..##........#
....###..####...##..##.
....# #.## ##......... ....#
#..# ##.#.#... .. ...## #.##
###...## .. .######.##
#..(.### .#
.####))..###....@.## ..#
..........#......(.####..#
.)..###.....#..##..(@...#
........#.......####...##
.......##.......####...##
........##....#....#....#
.#......#....##.........#
...........#.........#......
#......##...........##......


You could see Joseph.

Vanquished Creatures
  2 hungry ghosts (D:7)
  An ice beast (D:4)
  A black bear (D:6)
  An ogre (D:7)
  A centaur (D:6)
  4 bullfrogs
  3 scorpions
  A water moccasin skeleton (D:6)
  A vampire bat (D:4)
  A howler monkey (D:6)
  4 crimson imps
  A jelly (D:6)
  A bullfrog zombie (D:5)
  A quasit (D:3)
  A centaur zombie (D:6)
  A centaur skeleton (D:6)
  An orc priest (D:4)
  5 orc wizards
  Jessica (D:2)
  3 worker ants
  A hound skeleton (D:7)
  2 howler monkey zombies (D:6)
  10 adders
  A shadow imp (D:6)
  An ooze (D:4)
  5 worms
  An adder skeleton (D:4)
  4 dart slugs
  3 fire bats (D:4)
  6 leopard geckos
  15 orcs
  2 spectral bats (D:4)
  A ball python (D:2)
  18 bats
  3 bat skeletons (D:4)
  A bat zombie (D:4)
  7 giant cockroaches
  5 hobgoblins
  5 jackals
  5 quokkas
  A bat simulacrum (D:4)
  5 frilled lizards
  A giant cockroach zombie (D:5)
  5 goblins
  7 kobolds
  9 rats
159 creatures vanquished.

Notes
Turn   | Place    | Note
-------+----------+-------------------------------------------
     0 | D:1      | psyvane the Octopode Venom Mage began the quest for the
                  | Orb.
     0 | D:1      | Reached XP level 1. HP: 11/11 MP: 3/3
   410 | D:1      | Reached XP level 2. HP: 11/17 MP: 0/5
   414 | D:1      | Learned a level 2 spell: Poisonous Vapours
   616 | D:1      | Reached skill level 4 in Poison Magic
   882 | D:1      | Reached XP level 3. HP: 21/21 MP: 4/6
   976 | D:1      | HP: 1/21 [jackal (3)]
  1114 | D:1      | Learned a level 3 spell: Mephitic Cloud
  1610 | D:2      | Noticed Jessica
  1619 | D:2      | Reached skill level 1 in Air Magic
  1734 | D:2      | Killed Jessica
  1734 | D:2      | Reached XP level 4. HP: 27/27 MP: 0/7
  2392 | D:2      | Reached XP level 5. HP: 31/31 MP: 1/8
  2620 | D:3      | Reached skill level 5 in Stealth
  3083 | D:3      | Reached skill level 1 in Fighting
  3565 | D:3      | Found a bloodstained altar of Trog.
  4033 | D:4      | Reached skill level 5 in Poison Magic
  4033 | D:4      | Reached XP level 6. HP: 33/39 MP: 7/9
  4462 | D:4      | Reached skill level 6 in Poison Magic
  4660 | D:4      | Noticed an ice beast
  4688 | D:4      | Killed an ice beast
  4688 | D:4      | Reached skill level 7 in Poison Magic
  4688 | D:4      | Reached XP level 7. HP: 18/45 MP: 10/10
  4962 | D:4      | Reached skill level 8 in Poison Magic
  5498 | D:5      | Entered Level 5 of the Dungeon
  5635 | D:5      | Learned a level 4 spell: Olgreb's Toxic Radiance
  5843 | D:5      | Found Siowkorph's Antique Weapon Boutique.
  5876 | D:5      | Found a deep blue altar of Sif Muna.
  5885 | D:5      | Became a worshipper of Sif Muna the Loreminder
  5993 | D:5      | Reached skill level 9 in Poison Magic
  6114 | D:5      | Reached XP level 8. HP: 37/50 MP: 11/11
  6560 | D:6      | Reached * piety under Sif Muna
  6560 | D:6      | Reached skill level 10 in Poison Magic
  7142 | D:6      | Found a staircase to the Ecumenical Temple.
  7485 | D:6      | Found an iron altar of Okawaru.
  7540 | D:6      | Reached skill level 5 in Conjurations
  8110 | D:7      | Reached ** piety under Sif Muna
  8137 | D:7      | Reached XP level 9. HP: 54/54 MP: 3/14
  8144 | D:7      | Learned a level 5 spell: Venom Bolt
  8230 | D:7      | Noticed Joseph
  8245 | D:7      | Reached skill level 5 in Spellcasting
  8249 | D:7      | Shot with a sling bullet by Joseph

Skill      XL: |  1  2  3  4  5  6  7  8  9 |
---------------+----------------------------+-----
Stealth        | 3 4 5 |  5.3
Poison Magic   | 4 5 7 9 10 | 10.0
Air Magic      | 2 |  2.1
Fighting       | 2 |  2.0
Conjurations   | 5 |  5.4
Spellcasting   | 3 5 |  5.0
Dodging        | |  2.1

Action                   |  1- 3 |  4- 6 |  7- 9 || total
-------------------------+-------+-------+-------++-------
Melee: Whip              |    23 |       |       ||    23
       Tentacles         |     7 |    10 |    21 ||    38
       Constrict         |     7 |    15 |    33 ||    55
       Dagger            |     1 |    22 |       ||    23
       Spear             |       |    39 |   202 ||   241
 Cast: Sting             |    56 |    61 |    25 ||   142
       Poisonous Vapours |     3 |    31 |    31 ||    65
       Mephitic Cloud    |     1 |     3 |     7 ||    11
       Olgreb's Toxic Ra |       |       |     1 ||     1
Evoke: Wand              |       |       |     5 ||     5
  Use: Scroll            |     5 |     1 |       ||     6
       Potion            |     1 |       |     1 ||     2
 Stab: Sleeping          |       |     7 |     8 ||    15
       Confused          |       |       |     1 ||     1
  Eat: Chunk             |     2 |     8 |     9 ||    19
       Ration            |     2 |     1 |     2 ||     5
Armor: Skin              |     8 |     7 |    21 ||    36
Dodge: Dodged            |    49 |    50 |   193 ||   292
